[ AOE2 MATCH · #504994509 ]
UnrankedTupi vs Japanese
Player's team · WIN
Rival team · LOSS
[ REPLAY ANALYSIS · EXTRACTED FROM THE RECORDED GAME ]
Feudal
9:41
Castle
21:32
Imperial
—
| APM avg | 47.0 |
| APM peak | 70 |
| eAPM avg | 19.5 |
| Villagers / military | 54 / 29 |
Focus
⚔️ 33.1% · 🌾 66.9%
Archer ×24 · Skirmisher ×2 · Battering Ram ×2 · Spearman ×1 · Unknown (2550) ×1
Feudal
10:07
Castle
—
Imperial
—
| APM avg | 33.5 |
| APM peak | 65 |
| eAPM avg | 18.2 |
| Villagers / military | 54 / 19 |
Focus
⚔️ 36.6% · 🌾 63.4%
Militia ×7 · Skirmisher ×6 · Archer ×3 · Scout Cavalry ×3
Match map
Initial resources + every placement click. Lines = walls · curves = elevation contours. ◆ gold · ⬟ stone · ● berries · ✦ relic · ◌ wall gap
Your base· Open — opponent sealed themselves in
moneymickey's base· Open — 1t gap
Smoothed initial terrain · ◌ = detected wall gap · hover for details
Inputs per minute
— Melonfighter - - moneymickey
Build order — Melonfighter
143 actions detected in the replay
| 0:01 | Queue | Villager (Male) |
| 0:02 | Queue | Villager (Male) |
| 0:02 | Queue | Villager (Male) |
| 0:02 | Queue | Villager (Male) |
| 0:03 | Build | House |
| 0:05 | Build | House |
| 1:07 | Queue | Villager (Male) |
| 1:08 | Queue | Villager (Male) |
| 1:42 | Queue | Villager (Male) |
| 1:42 | Queue | Villager (Male) |
| 1:53 | Build | Settlement |
| 2:07 | Queue | Villager (Male) |
| 2:28 | Queue | Villager (Male) |
| 2:28 | Queue | Villager (Male) |
| 3:02 | Queue | Villager (Male) |
| 3:02 | Queue | Villager (Male) |
| 3:37 | Queue | Villager (Male) |
| 3:37 | Queue | Villager (Male) |
| 3:37 | Queue | Villager (Male) |
| 4:09 | Queue | Villager (Male) |
| 4:09 | Queue | Villager (Male) |
| 4:24 | Queue | Villager (Male) |
| 4:24 | Queue | Villager (Male) |
| 4:45 | Build | Barracks |
| 4:56 | Queue | Villager (Male) |
| 4:56 | Queue | Villager (Male) |
| 4:56 | Queue | Villager (Male) |
| 5:21 | Build | House |
| 5:42 | Queue | Unit 2550 |
| 5:49 | Queue | Villager (Male) |
| 6:08 | Queue | Villager (Male) |
| 6:24 | Queue | Villager (Male) |
| 6:54 | Build | Settlement |
| 7:02 | Research | Loom |
| 7:19 | Research | Feudal Age |
| 7:27 | Build | Palisade Wall |
| 7:32 | Build | Palisade Wall |
| 8:04 | Queue | Villager (Male) |
| 9:41 | Age | Feudal Age |
| 9:43 | Build | Archery Range |
| 9:49 | Build | Blacksmith |
| 9:55 | Queue | Spearman |
| 9:58 | Queue | Villager (Male) |
| 10:07 | Research | Tech 1402 |
| 10:12 | Build | Archery Range |
| 10:17 | Queue | Archer |
| 10:24 | Queue | Villager (Male) |
| 10:36 | Research | Fletching |
| 10:51 | Queue | Archer |
| 10:53 | Queue | Archer |
| 11:04 | Queue | Villager (Male) |
| 11:09 | Queue | Archer |
| 11:09 | Queue | Archer |
| 11:20 | Queue | Villager (Male) |
| 11:32 | Build | House |
| 11:36 | Build | House |
| 11:54 | Queue | Villager (Male) |
| 12:09 | Queue | Archer |
| 12:16 | Research | Double-Bit Axe |
| 12:27 | Queue | Villager (Male) |
| 12:34 | Queue | Villager (Male) |
| 12:36 | Build | House |
| 12:38 | Build | House |
| 12:42 | Queue | Archer |
| 12:44 | Research | Padded Archer Armor |
| 13:04 | Queue | Archer |
| 13:05 | Queue | Villager (Male) |
| 13:17 | Build | Market |
| 13:23 | Queue | Villager (Male) |
| 13:29 | Queue | Archer |
| 13:32 | Build | Farm |
| 13:42 | Build | Settlement |
| 13:45 | Queue | Villager (Male) |
| 14:20 | Build | Farm |
| 14:20 | Build | Farm |
| 14:21 | Build | Farm |
| 14:21 | Build | Farm |
| 14:21 | Build | Farm |
| 14:28 | Queue | Archer |
| 14:28 | Queue | Archer |
| 14:37 | Build | Farm |
| 14:41 | Queue | Villager (Male) |
| 14:55 | Queue | Villager (Male) |
| 14:56 | Build | Farm |
| 15:03 | Queue | Archer |
| 15:03 | Queue | Archer |
| 15:31 | Build | Farm |
| 15:32 | Build | Farm |
| 15:32 | Queue | Villager (Male) |
| 16:02 | Build | Farm |
| 16:06 | Build | Farm |
| 16:06 | Queue | Villager (Male) |
| 16:08 | Research | Horse Collar |
| 16:18 | Queue | Archer |
| 16:18 | Queue | Archer |
| 16:20 | Build | Farm |
| 16:21 | Queue | Villager (Male) |
| 16:40 | Queue | Villager (Male) |
| 16:43 | Build | Farm |
| 17:15 | Build | Farm |
| 17:31 | Queue | Villager (Male) |
| 17:35 | Build | Farm |
| 17:38 | Build | Farm |
| 17:42 | Build | Farm |
| 18:05 | Build | Farm |
| 18:35 | Queue | Archer |
| 18:35 | Queue | Archer |
| 18:47 | Queue | Skirmisher |
| 18:48 | Queue | Skirmisher |
| 18:52 | Research | Castle Age |
| 19:42 | Queue | Archer |
| 19:42 | Queue | Archer |
| 20:24 | Queue | Archer |
| 20:30 | Build | House |
| 20:30 | Build | House |
| 20:30 | Build | House |
| 20:46 | Queue | Archer |
| 20:53 | Research | Gold Mining |
| 21:04 | Queue | Villager (Male) |
| 21:09 | Build | House |
| 21:09 | Build | House |
| 21:32 | Age | Castle Age |
| 21:35 | Research | Crossbowman (upgrade) |
| 21:36 | Research | Bodkin Arrow |
| 21:42 | Queue | Villager (Male) |
| 21:42 | Queue | Villager (Male) |
| 21:49 | Build | Town Center |
| 22:04 | Build | Town Center |
| 22:06 | Queue | Villager (Male) |
| 22:08 | Build | Farm |
| 22:27 | Build | Siege Workshop |
| 22:34 | Queue | Archer |
| 22:45 | Queue | Archer |
| 22:46 | Queue | Villager (Male) |
| 22:47 | Queue | Villager (Male) |
| 22:52 | Research | Leather Archer Armor |
| 23:11 | Queue | Archer |
| 23:17 | Queue | Villager (Male) |
| 23:17 | Queue | Villager (Male) |
| 23:19 | Queue | Villager (Male) |
| 23:19 | Queue | Villager (Male) |
| 23:41 | Queue | Battering Ram |
| 23:41 | Queue | Battering Ram |
Build order — moneymickey
134 actions detected in the replay
| 0:02 | Queue | Villager (Male) |
| 0:02 | Queue | Villager (Male) |
| 0:03 | Build | House |
| 0:05 | Build | House |
| 0:29 | Queue | Villager (Male) |
| 0:53 | Queue | Villager (Male) |
| 1:30 | Queue | Villager (Male) |
| 1:53 | Queue | Villager (Male) |
| 2:16 | Build | Lumber Camp |
| 2:24 | Queue | Villager (Male) |
| 2:54 | Queue | Villager (Male) |
| 3:10 | Queue | Villager (Male) |
| 3:29 | Queue | Villager (Male) |
| 3:50 | Build | House |
| 3:51 | Build | House |
| 3:59 | Queue | Villager (Male) |
| 4:25 | Queue | Villager (Male) |
| 4:41 | Queue | Villager (Male) |
| 4:49 | Build | Mill |
| 5:14 | Queue | Villager (Male) |
| 5:42 | Queue | Villager (Male) |
| 5:43 | Build | Barracks |
| 5:51 | Queue | Villager (Male) |
| 6:09 | Queue | Villager (Male) |
| 6:24 | Build | Mining Camp |
| 6:29 | Queue | Villager (Male) |
| 6:29 | Research | Loom |
| 7:39 | Build | Palisade Wall |
| 7:43 | Research | Feudal Age |
| 7:55 | Queue | Militia |
| 7:59 | Build | House |
| 8:16 | Build | Palisade Wall |
| 8:17 | Build | Palisade Wall |
| 8:24 | Queue | Militia |
| 8:24 | Queue | Militia |
| 8:51 | Queue | Militia |
| 8:55 | Build | Palisade Wall |
| 9:00 | Build | Palisade Wall |
| 9:15 | Queue | Villager (Male) |
| 9:50 | Queue | Militia |
| 9:54 | Queue | Militia |
| 9:55 | Queue | Villager (Male) |
| 10:07 | Age | Feudal Age |
| 10:10 | Research | Man-at-Arms (upgrade) |
| 10:16 | Queue | Villager (Male) |
| 10:20 | Build | House |
| 10:21 | Build | House |
| 10:40 | Queue | Villager (Male) |
| 11:00 | Queue | Villager (Male) |
| 11:04 | Build | Farm |
| 11:16 | Queue | Militia |
| 11:25 | Build | Farm |
| 11:26 | Build | Farm |
| 11:27 | Build | Farm |
| 11:29 | Build | Farm |
| 11:31 | Build | Blacksmith |
| 11:35 | Queue | Villager (Male) |
| 11:48 | Build | Archery Range |
| 11:54 | Queue | Villager (Male) |
| 12:16 | Build | Watch Tower |
| 12:22 | Build | Mill |
| 12:31 | Queue | Villager (Male) |
| 12:39 | Queue | Villager (Male) |
| 12:41 | Queue | Archer |
| 12:49 | Build | Mill |
| 13:09 | Build | Mining Camp |
| 13:10 | Queue | Villager (Male) |
| 13:14 | Queue | Archer |
| 13:14 | Queue | Archer |
| 13:17 | Queue | Villager (Male) |
| 13:53 | Research | Fletching |
| 13:57 | Build | Lumber Camp |
| 14:16 | Build | House |
| 14:21 | Queue | Villager (Male) |
| 14:45 | Build | Farm |
| 14:47 | Build | Farm |
| 14:49 | Build | Farm |
| 14:51 | Queue | Villager (Male) |
| 15:03 | Build | Watch Tower |
| 15:05 | Queue | Villager (Male) |
| 15:35 | Build | Farm |
| 15:37 | Build | Farm |
| 15:41 | Queue | Villager (Male) |
| 15:55 | Queue | Villager (Male) |
| 16:24 | Queue | Villager (Male) |
| 16:46 | Queue | Villager (Male) |
| 16:49 | Queue | Villager (Male) |
| 17:01 | Build | Archery Range |
| 17:25 | Research | Town Watch |
| 17:32 | Build | House |
| 17:34 | Queue | Villager (Male) |
| 17:37 | Build | House |
| 17:40 | Queue | Villager (Male) |
| 18:01 | Queue | Skirmisher |
| 18:02 | Queue | Skirmisher |
| 18:08 | Build | House |
| 18:24 | Queue | Villager (Male) |
| 18:26 | Queue | Skirmisher |
| 18:32 | Queue | Skirmisher |
| 18:33 | Queue | Villager (Male) |
| 18:51 | Queue | Villager (Male) |
| 19:06 | Queue | Skirmisher |
| 19:34 | Queue | Villager (Male) |
| 19:42 | Queue | Skirmisher |
| 19:48 | Build | Stable |
| 19:52 | Queue | Villager (Male) |
| 19:57 | Build | Farm |
| 19:58 | Build | Farm |
| 19:59 | Build | Farm |
| 20:16 | Build | Watch Tower |
| 20:29 | Queue | Villager (Male) |
| 20:48 | Build | Watch Tower |
| 20:51 | Build | Mill |
| 20:52 | Queue | Villager (Male) |
| 20:57 | Queue | Villager (Male) |
| 21:03 | Queue | Scout Cavalry |
| 21:03 | Queue | Scout Cavalry |
| 21:03 | Queue | Scout Cavalry |
| 21:04 | Queue | Villager (Male) |
| 21:07 | Build | Farm |
| 21:19 | Queue | Villager (Male) |
| 21:24 | Research | Padded Archer Armor |
| 21:33 | Queue | Villager (Male) |
| 21:39 | Build | House |
| 21:39 | Build | House |
| 21:46 | Research | Wheelbarrow |
| 21:50 | Build | House |
| 22:07 | Queue | Villager (Male) |
| 22:11 | Queue | Villager (Male) |
| 22:35 | Research | Horse Collar |
| 22:52 | Build | Market |
| 22:54 | Queue | Villager (Male) |
| 23:20 | Queue | Villager (Male) |
| 23:28 | Build | Watch Tower |
Match timeline
| 4:45 | Melonfighter · first_building Barracks |
| 5:43 | moneymickey · first_building Barracks |
| 7:27 | Melonfighter · wall_segment Palisade Wall x1 |
| 7:32 | Melonfighter · wall_segment Palisade Wall x1 |
| 7:39 | moneymickey · wall_segment Palisade Wall x1 |
| 8:16 | moneymickey · wall_segment Palisade Wall x1 |
| 8:17 | moneymickey · wall_segment Palisade Wall x1 |
| 8:55 | moneymickey · wall_segment Palisade Wall x1 |
| 9:00 | moneymickey · wall_segment Palisade Wall x1 |
| 9:41 | Melonfighter · age_up feudal |
| 9:43 | Melonfighter · first_building Archery Range |
| 10:07 | moneymickey · age_up feudal |
| 11:48 | moneymickey · first_building Archery Range |
| 18:11 | Melonfighter · first_market_buy 100 food |
| 19:48 | moneymickey · first_building Stable |
| 21:18 | Melonfighter · first_market_sell 100 food |
| 21:32 | Melonfighter · age_up castle |
| 22:27 | Melonfighter · first_building Siege Workshop |
| 23:49 | moneymickey · resign |
[ AI ANALYSIS · 1 CREDIT ]
What really happened in this match?
Wolo.gg analyzes every decision: build order, eco, micro, common mistakes by bracket. Personalized analysis on WhatsApp or Discord in 30 seconds.
Civ guide
Tupi
Perfil
Jugador #4245705